 Dungeon Crawl Stone Soup version 0.21-a0-81-gc5150db (webtiles) character file.

346 Rrauwl the Shooter (level 6, -3/35 HPs)
             Began as a Deep Elf Hunter on June 23, 2017.
             Was a Follower of Vehumet.
             Slain by a sky beast (6 damage)
             ... on level 5 of the Dungeon.
             The game lasted 00:09:24 (2976 turns).

Rrauwl the Shooter (Deep Elf Hunter)                Turns: 2976, Time: 00:09:25

Health: -3/35      AC:  3    Str:  9      XL:     6   Next: 32%
Magic:  8/11       EV: 13    Int: 16 (17) God:    Vehumet [*.....]
Gold:   168        SH:  0    Dex: 16      Spells: 8/10 levels left

rFire    . . .     SeeInvis .   a - +4 hand axe (flame)
rCold    . . .     Gourm    .   (no shield)
rNeg     . . .     Faith    .   r - +0 leather armour
rPois    +         Spirit   .   (no helmet)
rElec    .         Reflect  .   (no cloak)
rCorr    .         Harm     .   (no gloves)
MR       .....                  (no boots)
Stlth    ++........             (no amulet)
HPRegen  0.11/turn              h - ring of poison resistance
MPRegen  0.12/turn              (no ring)

@: no status effects
A: no striking features
a: Renounce Religion


You were on level 5 of the Dungeon.
You worshipped Vehumet.
Vehumet was aware of your devotion.
You were not hungry.

You visited 2 branches of the dungeon, and saw 6 of its levels.

You collected 168 gold pieces.

Inventory:

Hand Weapons
 a - a +4 hand axe of flaming (weapon)
 b - a +0 short sword
 c - a +1 shortbow
Missiles
 d - 67 arrows
Armour
 r - a +0 leather armour (worn)
Jewellery
 h - a ring of poison resistance (left hand)
Scrolls
 e - 3 scrolls of fear {unknown}
 j - 2 scrolls of remove curse {unknown}
 m - a scroll of recharging {unknown}
 o - a scroll of blinking {unknown}
 p - 3 scrolls of identify {unknown}
 q - a scroll of fog {unknown}
 u - 3 scrolls of magic mapping {unknown}
 w - a scroll of teleportation {unknown}
Potions
 i - a potion of curing {unknown}
 n - a potion of magic {unknown}
 s - a potion of flight {unknown}
 t - a potion of heal wounds {unknown}
Books
 g - a book of Maledictions

   Spells                             Type                      Level
   a - Corona                         Hexes                        1
   b - Ensorcelled Hibernation        Hexes/Ice                    2
   c - Confuse                        Hexes                        3
   d - Tukima's Dance                 Hexes                        3
   e - Dazzling Spray                 Conjuration/Hexes            3
 v - a book of Cantrips

   Spells                             Type                      Level
   a - Confusing Touch                Hexes                        1
   b - Animate Skeleton               Necromancy                   1
   c - Summon Small Mammal            Summoning                    1
   d - Apportation                    Translocation                1
Comestibles
 f - 6 bread rations
 k - a chunk of flesh
 l - 3 meat rations


   Skills:
 - Level 2.0 Fighting
 + Level 6.8 Bows
 - Level 3.0 Dodging
 - Level 1.2 Stealth
 + Level 2.5 Spellcasting
 + Level 2.0 Conjurations
 + Level 2.1 Translocations


You had 8 spell levels left.
You knew the following spells:

 Your Spells              Type           Power        Failure   Level  Hunger
a - Magic Dart            Conj           #...         12%         1    #......
b - Apportation           Tloc           #.....       12%         1    #......


Dungeon Overview and Level Annotations

Branches:
Dungeon (5/15)             Temple (1/1) D:4

Altars:
Ashenzari
Cheibriados
Dithmenos
Elyvilon
Fedhas
Hepliaklqana
Kikubaaqudgha
Makhleb
Nemelex Xobeh
Okawaru
Qazlal
Ru
Sif Muna
Trog
Uskayaw
Vehumet
Wu Jian
Xom
Yredelemnul
Zin
The Shining One


Message History

You hit something. You burn something.
A sky beast appears from thin air!
Reactivating autopickup.
The sky beast hits you. The sky beast shocks you.
You closely miss the sky beast.
The sky beast is almost dead.
The sky beast flickers out of sight!
Deactivating autopickup; reactivate with Ctrl-A.
Something barely misses you.
A sky beast appears from thin air!
Reactivating autopickup.
The sky beast barely misses you.
You closely miss the sky beast.
The sky beast is almost dead.
The sky beast hits you. The sky beast shocks you.
* * * LOW HITPOINT WARNING * * *
You barely miss the sky beast.
The sky beast is almost dead.
The sky beast hits you.
* * * LOW HITPOINT WARNING * * *
The sky beast shocks you.
You die...

## .. #( #. #
#. .#
#.##.#####
######.Y.......
.......@..####.
###########


You could see a sky beast.

Vanquished Creatures
  An ogre (D:4)
  A scorpion (D:4)
  The ghost of Rrauwl the Magician, a weakling DEAE (D:3)
  2 orc wizards (D:4)
  A hound skeleton (D:4)
  2 adders
  2 oozes
  A worm (D:3)
  A leopard gecko (D:3)
  4 orcs (D:4)
  A ball python (D:3)
  11 bats
  2 giant cockroaches (D:3)
  7 hobgoblins
  6 jackals
  9 kobolds
  4 quokkas
  6 frilled lizards
  6 goblins
  6 rats
74 creatures vanquished.

Notes
Turn   | Place    | Note
-------+----------+-------------------------------------------
     0 | D:1      | Rrauwl the Deep Elf Hunter began the quest for the Orb.
     0 | D:1      | Reached XP level 1. HP: 12/12 MP: 3/3
   102 | D:1      | Reached XP level 2. HP: 12/17 MP: 4/4
   717 | D:2      | Reached skill level 5 in Bows
   717 | D:2      | Reached XP level 3. HP: 21/21 MP: 5/5
  1062 | D:2      | You fall through a shaft for 2 floors!
  1079 | D:4      | Found a staircase to the Ecumenical Temple.
  1088 | Temple   | Entered the Ecumenical Temple
  1284 | Temple   | Became a worshipper of Vehumet
  1380 | D:4      | Noticed an ogre
  1976 | D:3      | Noticed Rrauwl's ghost (weakling DEAE)
  1981 | D:3      | Killed Rrauwl's ghost
  1981 | D:3      | Reached skill level 6 in Bows
  1981 | D:3      | Reached XP level 4. HP: 26/26 MP: 6/6
  2060 | D:3      | Reached * piety under Vehumet
  2060 | D:3      | Offered knowledge of Magic Dart by Vehumet.
  2108 | D:3      | Learned a level 1 spell: Magic Dart
  2321 | D:3      | Learned a level 1 spell: Apportation
  2627 | D:4      | Reached skill level 1 in Spellcasting
  2627 | D:4      | Reached XP level 5. HP: 28/30 MP: 8/8
  2652 | D:4      | Reached skill level 1 in Conjurations
  2655 | D:4      | Reached skill level 1 in Translocations
  2690 | D:4      | Killed an ogre
  2690 | D:4      | Reached XP level 6. HP: 29/35 MP: 6/11
  2961 | D:5      | Entered Level 5 of the Dungeon
  2961 | D:5      | Noticed a sky beast
  2976 | D:5      | Slain by a sky beast

Vault maps used:
D:1:      minmay_arrival_five_plusses, minivault_11, bh_walls_and_bars
D:2:      first_bread
D:3:      minmay_misc_feat_rugged
D:4:      minmay_temple_entry_junction
D:5:      uniq_pikel
Temple:   kilobyte_greek_temple

Skill      XL: |  1  2  3  4  5  6 |
---------------+-------------------+-----
Dodging        | 3 |  3.0
Fighting       | 2 |  2.0
Bows           | 5 6 |  6.8
Spellcasting   | 1 2 |  2.5
Conjurations   | 1 2 |  2.0
Translocations | 1 2 |  2.1
Stealth        | |  1.2

Action                   |  1- 3 |  4- 6 || total
-------------------------+-------+-------++-------
Melee: Hand axe          |    42 |    71 ||   113
 Fire: Shortbow          |    69 |       ||    69
 Cast: Magic Dart        |       |    11 ||    11
  Use: Potion            |     3 |       ||     3
 Stab: Sleeping          |     2 |     2 ||     4
       Distracted        |     1 |       ||     1
  Eat: Chunk             |     1 |     4 ||     5
       Royal jelly       |     1 |       ||     1
Armor: Leather armour    |    10 |    11 ||    21
Dodge: Dodged            |    40 |    40 ||    80
